 Dungeon Crawl Stone Soup version 0.16.1-7-g2c6721e (webtiles) character file.

75 Harvey99999 the Bolt Thrower (level 4, -2/29 HPs)
             Began as a Halfling Hunter on Mar 29, 2015.
             Slain by a gnoll
             ... wielding a +0 spear
              (5 damage)
             ... on level 3 of the Dungeon.
             The game lasted 00:13:12 (2203 turns).

Harvey99999 the Bolt Thrower (Halfling Hunter)      Turns: 2203, Time: 00:13:12

Health: -2/29      AC:  7    Str: 12    XL:     4   Next: 55%
Magic:  4/4        EV: 12    Int: 10    God:
Gold:   120        SH:  0    Dex: 15    Spells: 0 memorised, 3 levels left

rFire  . . .     SeeInvis .     z - +1 short sword (freeze)
rCold  . . .     Clarity  .     m - +0 scale mail
rNeg   . . .     SustAb   .     (no shield)
rPois  .         Gourm    .     (no helmet)
rElec  .         Spirit   .     (no cloak)
rCorr  .         Warding  .     (no gloves)
rMut   .         Stasis   .     L - +0 pair of boots
MR     .....                    (no amulet)
Stlth  +.........               (no ring)
                                (no ring)

@: not resistant to hostile enchantments, very unstealthy
A: mutation resistance 1
a: no special abilities


You were on level 3 of the Dungeon.
You were not hungry.

You visited 1 branch of the dungeon, and saw 3 of its levels.

You collected 120 gold pieces.

Inventory:

Hand weapons
 a - a +0 short sword
 b - a +1 hand crossbow
 f - a +0 mace
 g - a cursed -2 club
 h - a +0 dagger
 j - a +0 club
 o - a +0 hand axe
 q - a +0 spear
 u - a +0 club
 v - a +0 club
 w - a +0 mace
 y - a +0 hand axe
 z - a +1 short sword of freezing (weapon)
 C - a +0 dagger
 D - a +0 hunting sling
 J - a +0 mace
 M - a +0 dagger
 O - a +0 whip
 Q - a +0 spear
 R - a +0 whip
Missiles
 c - 6 bolts
 i - a throwing net
 n - 37 poisoned needles
 H - 6 steel bolts
 I - 42 arrows
 N - 3 tomahawks (quivered)
Armour
 d - a +0 leather armour
 m - a +0 scale mail (worn)
 p - a +0 leather armour
 B - a +0 robe
 G - a +0 robe
 L - a +0 pair of boots (worn)
 S - a +0 leather armour
Scrolls
 r - 2 scrolls of enchant armour {unknown}
 s - 2 scrolls of identify {unknown}
 F - a scroll of magic mapping {unknown}
Potions
 e - a potion of heal wounds {unknown}
 k - 2 potions of curing {unknown}
 l - a potion of agility
 t - a potion of cancellation {unknown}
 K - a potion of haste {unknown}
Comestibles
 x - 3 fruits
 A - a slice of pizza
 E - 2 meat rations


   Skills:
 + Level 1.8 Fighting
 + Level 0.3 Short Blades
 + Level 4.6 Crossbows
 + Level 1.3 Armour
 + Level 2.5 Dodging
 + Level 1.5 Stealth


You had 3 spell levels left.
You didn't know any spells.

Dungeon Overview and Level Annotations

Branches:
Dungeon (3/15)

Altars:


Innate Abilities, Weirdness & Mutations

You are small and have problems with some larger weapons.
You are somewhat resistant to further mutation.


Message History

The gnoll hits you from afar with a spear.
You climb upwards.
There is a stone staircase leading down here.
You climb downwards.
The gnoll hits you with a spear.
* * * LOW HITPOINT WARNING * * *
There is a stone staircase leading up, spattered with blood here.
You can't go down here!
You closely miss the gnoll. The gnoll closely misses you.
You hit the gnoll. You freeze the gnoll.
The gnoll is moderately wounded.
The gnoll hits you with a spear.
* * * LOW HITPOINT WARNING * * *
You closely miss the gnoll.
The gnoll is moderately wounded.
The gnoll hits you with a spear.
* * * LOW HITPOINT WARNING * * *
Drink which item? (? for menu, Esc to quit)
Okay, then.
The gnoll hits you with a spear.
You die...

##### #.(gg #.###
##############.#
#@g..........#(###
#.##########.#....
#.# #.##### #.#
###.#.#### #.### .
..###....
##...##.####.#.#.#.
#.....#.# #.....g..
#.....?.# #.#.##...
#.....#####.#.#....


You could see a gnoll.

Vanquished Creatures
  An adder (D:2)
  2 gnolls (D:3)
  A giant mite (D:3)
  A worm (D:2)
  3 giant cockroaches
  4 goblins
  4 hobgoblins (D:1)
  6 kobolds
  6 bats
  A giant gecko (D:2)
  A giant newt (D:2)
  8 rats
38 creatures vanquished.

Notes
Turn   | Place    | Note
--------------------------------------------------------------
     0 | D:1      | Harvey99999, the Halfling Hunter, began the quest for the Orb.
     0 | D:1      | Reached XP level 1. HP: 14/14 MP: 1/1
   131 | D:1      | Reached XP level 2. HP: 19/19 MP: 2/2
   150 | D:1      | Reached skill level 4 in Crossbows
   620 | D:1      | Reached XP level 3. HP: 24/24 MP: 3/3
  1874 | D:2      | Reached XP level 4. HP: 29/29 MP: 4/4
  2006 | D:3      | Reached skill level 1 in Armour
  2203 | D:3      | Slain by a gnoll

Action                   |  1- 3 |  4- 6 || total
-------------------------+-------+-------++-------
Melee: Short sword       |    13 |     5 ||    18
       Hand crossbow     |     1 |       ||     1
 Fire: Hand crossbow     |    67 |    19 ||    86
Throw: Tomahawk          |       |     2 ||     2
  Use: Scroll            |     4 |     1 ||     5
  Eat: Bread ration      |     1 |       ||     1
       Pizza             |     1 |       ||     1
